 Dungeon Crawl Stone Soup version 0.20-a0-920-gb18bc0f (webtiles) character file.

338 Ijustatesigmund the Skirmisher (level 6, -7/52 HPs)
             Began as a Barachi Fighter on Mar 25, 2017.
             Mangled by Sigmund
             ... wielding a +2 vampiric scythe
              (11 damage)
             ... on level 3 of the Dungeon.
             The game lasted 00:10:26 (2975 turns).

Ijustatesigmund the Skirmisher (Barachi Fighter)    Turns: 2975, Time: 00:10:26

Health: -7/52      AC:  9    Str: 17    XL:     6   Next: 55%
Magic:  6/6        EV: 15    Int: 10    God:
Gold:   109        SH:  9    Dex: 17    Spells: 5/5 levels left

rFire    + . .     SeeInvis .   a - +0 long sword
rCold    . . .     Gourm    .   c - +0 shield
rNeg     . . .     Faith    .   g - +0 ring mail {rF+}
rPois    .         Spirit   .   (no helmet)
rElec    .         Reflect  .   e - +1 cloak {MR+}
rCorr    .         Harm     .   j - +0 pair of gloves
MR       +....                  (no boots)
Stlth    ++........             (no amulet)
Regen    0.2/turn               (no ring)
MPRegen  0.1/turn               (no ring)

@: agile, slow
A: +LOS, swims, slowness 1, strong legs 1
a: Hop


You were on level 3 of the Dungeon.
You were not hungry.

You visited 1 branch of the dungeon, and saw 3 of its levels.

You collected 109 gold pieces.

Inventory:

Hand Weapons
 a - a +0 long sword (weapon)
Armour
 c - a +0 shield (worn)
 e - a +1 cloak of magic resistance (worn)
 g - a +0 ring mail of fire resistance (worn)
 h - a +2 leather armour of cold resistance
 j - a +0 pair of gloves (worn)
Wands
 d - a wand of disintegration (23/24)
Scrolls
 b - 2 scrolls of identify {unknown}
 k - 2 scrolls of amnesia {unknown}
Potions
 i - a potion of berserk rage {unknown}
 l - a potion of agility
Books
 n - a book of Cantrips

   Spells                             Type                      Level
   a - Confusing Touch                Hexes                        1
   b - Animate Skeleton               Necromancy                   1
   c - Summon Small Mammal            Summoning                    1
   d - Apportation                    Translocation                1
Comestibles
 f - 3 bread rations
 m - a royal jelly


   Skills:
 + Level 5.7 Fighting
 + Level 4.9 Long Blades
 - Level 3.7 Armour
 + Level 3.9 Dodging
 - Level 3.2 Shields


You had 5 spell levels left.
You didn't know any spells.

Dungeon Overview and Level Annotations

Branches:
Dungeon (3/15)

Altars:
Ashenzari
Elyvilon
Ru

Annotations:
D:3 Sigmund


Innate Abilities, Weirdness & Mutations

Shadows flee at your approach. (+LOS)
You can swim through water.
You cover ground slowly.
You can hop short distances.


Message History

You slash the orc!
You kill the orc!
Something hits you but does no damage.
Items here: " )) † a dagger; a halberd; an amulet of rage; an orc corpse You closely miss something.
Something hits you!
You hit something but do no damage. Something hits you.
You miss something. Something hits you but does no damage.
You miss something. You miss something. Something hits you.
You closely miss something. Something hits you!
* * * LOW HITPOINT WARNING * * *
You hit something but do no damage. Something hits you!
* * * LOW HITPOINT WARNING * * *
You hit something. Something hits you but does no damage.
You miss something.
It was a potion of agility.
You feel agile all of a sudden. Something hits you!
You die...

.. ...........................
####. #..####♣.♣.♣.♣#.#......)..
......#..#####......#<#.....##..
.............♣.♣#♣.♣..#.....##..
................................
♣♣♣######.......####.##.....##..
♣............# .# ....##..
♣##.........#### . ..# #.. ♣♣
♣.#.........@..# # ..{###.. ♣P
♣.........####.# ....o... ♣P.
♣.#......#####.#####.o.....
.♣.♣#.##......................
....#.##..........#..o........
..................#...........
..#..........##.###.##......##
....#...####.#...##.##......#
.................##.#.$.....###


There were no monsters in sight!

Vanquished Creatures
  An orc wizard (D:3)
  Crazy Yiuf (D:2)
  Natasha (thrice) (D:2)
  A hound skeleton (D:3)
  5 gnolls
  4 adders
  5 oozes (D:2)
  A worm (D:2)
  3 dart slugs (D:1)
  5 orcs (D:3)
  A ball python (D:1)
  8 bats
  4 giant cockroaches
  13 goblins
  7 hobgoblins
  4 jackals
  6 kobolds
  6 frilled lizards
  6 rats
84 creatures vanquished.

Notes
Turn   | Place    | Note
-------+----------+-------------------------------------------
     0 | D:1      | Ijustatesigmund the Barachi Fighter began the quest for the Orb.
     0 | D:1      | Reached XP level 1. HP: 18/18 MP: 1/1
   101 | D:1      | Reached skill level 1 in Dodging
   101 | D:1      | Reached XP level 2. HP: 24/25 MP: 2/2
   186 | D:1      | Reached skill level 4 in Fighting
   320 | D:1      | Reached XP level 3. HP: 26/30 MP: 3/3
   832 | D:2      | Found a shattered altar of Ashenzari.
   838 | D:2      | Found a white marble altar of Elyvilon.
   862 | D:2      | Found a sacrificial altar of Ru.
   899 | D:2      | Reached XP level 4. HP: 29/38 MP: 4/4
  1418 | D:2      | Found a runed door.
  1423 | D:2      | Noticed Crazy Yiuf
  1428 | D:2      | Killed Crazy Yiuf
  1428 | D:2      | Reached XP level 5. HP: 30/43 MP: 5/5
  1682 | D:2      | Reached skill level 5 in Fighting
  1758 | D:2      | Noticed Natasha
  1771 | D:2      | Killed Natasha
  1857 | D:2      | Noticed Natasha
  1868 | D:2      | Killed Natasha
  1905 | D:2      | Noticed Natasha
  1907 | D:2      | Killed Natasha
  1907 | D:2      | Reached XP level 6. HP: 28/51 MP: 6/6
  2947 | D:3      | Noticed Sigmund
  2975 | D:3      | Mangled by Sigmund

Vault maps used:
D:1:      lemuel_arrival_river_ford, hangedman_decor_push, st_stairs_13
D:2:      cheibrodos_greedy_goblins, gammafunk_temple_overflow_forgotten,
          first_bread, uniq_crazy_yiuf_cottage, uniq_natasha
D:3:      serial_forest, infiniplex_forest_lined_room_2,
          infiniplex_forest_end_1, infiniplex_forest_lined_2,
          infiniplex_forest_lined_3, infiniplex_forest_lined_room_2,
          infiniplex_forest_lined_corner, infiniplex_forest_clump_curved,
          nrook_mini_backslash, uniq_sigmund

Skill      XL: |  1  2  3  4  5 |
---------------+----------------+-----
Dodging        | 1 2 3 |  3.9
Fighting       | 4 5 |  5.7
Long Blades    | 3 4 |  4.9
Armour         | |  3.7
Shields        | |  3.2

Action                   |  1- 3 |  4- 6 || total
-------------------------+-------+-------++-------
Melee: Long sword        |   109 |   196 ||   305
 Abil: Hop               |     1 |       ||     1
  Use: Scroll            |       |     4 ||     4
       Potion            |       |     8 ||     8
  Eat: Chunk             |     1 |     7 ||     8
Armor: Scale mail        |    57 |    18 ||    75
       Ring mail         |       |    67 ||    67
Dodge: Dodged            |    35 |    66 ||   101
Block: Shield            |    58 |   114 ||   172
       Rpst.: Long sword |    13 |    18 ||    31
